 Dungeon Crawl Stone Soup version 0.30.0-3-ga4e48a9924 (webtiles) character file.

Game seed: 9004469489868395076

72 avis the Sneak (level 4, 0/23 HPs)
             Began as a Vine Stalker Brigand on May 7, 2023.
             Slain by a gnoll
             ... wielding a +0 halberd
              (4 damage)
             ... on level 2 of the Dungeon.
             The game lasted 00:13:55 (1322 turns).

avis the Sneak (Vine Stalker Brigand)               Turns: 1322, Time: 00:13:55

Health: 0/23       AC:  3    Str: 14    XL:     4   Next: 26%
Magic:  0/7        EV: 12    Int: 11    God:
Gold:   67         SH:  0    Dex: 17    Spells: 6/6 levels left

rFire   . . .        a - +2 dagger
rCold   . . .        (no shield)
rNeg    . . .        b - +0 robe
rPois   .            (no helmet)
rElec   .            c - +0 cloak
rCorr   .            (no gloves)
SInv    .            (no boots)
Will    .....        (no amulet)
Stlth   +++          (no ring)
HPRegen 1.03/turn    (no ring)
MPRegen 0.10/turn

%: guardian spirit
@: no status effects
A: fangs 2, regeneration 1, magic shield, antimagic bite, no potion heal 2
a: no special abilities


You were on level 2 of the Dungeon.
You visited 1 branch of the dungeon, and saw 2 of its levels.

You collected 67 gold pieces.

Inventory:

Hand Weapons
 a - a +2 dagger (weapon)
 s - a +0 short sword
Missiles
 d - 9 poisoned darts (quivered)
 e - 3 curare-tipped darts
Armour
 b - a +0 robe (worn)
 c - a +0 cloak (worn)
 o - a +0 buckler
Scrolls
 f - 2 scrolls of poison {unknown}
 g - 2 scrolls of amnesia {unknown}
 h - a scroll of teleportation {unknown}
 j - a scroll of fear {unknown}
 k - a scroll of vulnerability {unknown}
 m - a scroll of immolation {unknown}
 p - a scroll of noise {unknown}
 q - a scroll of identify {unknown}
 r - a scroll of torment {unknown}
Potions
 i - a potion of degeneration {unknown}
 l - 2 potions of lignification {unknown}
 n - a potion of attraction {unknown}


   Skills:
 - Level 2.0 Fighting
 + Level 2.5 Short Blades
 - Level 2.0 Throwing
 + Level 1.4 Dodging
 - Level 5.0 Stealth
 + Level 0.4 Shields
 * Level 1.9 Spellcasting


You had 6 spell levels left.
You didn't know any spells.
Your spell library was empty.

Dungeon Overview and Level Annotations

Branches:
Dungeon (2/15)

Altars:


Innate Abilities, Weirdness & Mutations

You have extremely sharp teeth.
Your natural rate of healing is unusually fast.
When hurt, damage is shared between your health and your magic reserves.
Your bite disrupts and absorbs the magic of your enemies.
Potions cannot restore your health.


Message History

The gnoll is heavily wounded.
The gnoll barely misses you.
You hit the gnoll. You bite the gnoll.
You kill the gnoll!
You closely miss the kobold. The kobold closely misses you.
Unknown command.
You closely miss the kobold. The kobold barely misses you.
You hit the kobold. Your bite misses the kobold.
The kobold is heavily wounded.
The kobold barely misses you.
You hit the kobold.
You kill the kobold!
r - a scroll labelled ASEICE GICSIRR You now have 67 gold pieces (gained 10).
Things that are here:
a +0 short sword; a +0 flail; a gnoll corpse
s - a +0 short sword You start resting.
Magic restored.
You start waiting.
Done waiting.
The gnoll shouts!
Things that are here:
a +0 flail; a gnoll corpse The gnoll hits you with a +0 halberd!
You hit the gnoll.
The gnoll is lightly wounded.
You hit the gnoll. You bite the gnoll, but do no damage.
The gnoll is lightly wounded.
The gnoll hits you with a +0 halberd!
You closely miss the gnoll. You bite the gnoll. You drain its power.
You feel invigorated.
The gnoll is heavily wounded.
The gnoll hits you with a +0 halberd!
* * * LOW HITPOINT WARNING * * *
You hit the gnoll. You bite the gnoll. You drain its power.
You feel invigorated.
The gnoll is severely wounded.
The gnoll hits you with a +0 halberd.
You die...

#†......###................
##
#...<.......#############..
.######........#### ..
..................... ...
....#....############ ...
.......#..... #.
#.#..#........ #
#.##..######################
#.
..##..#######...@g.)........
..
..##.......>..######....####
# >....#.######## #..#### #
...<...#### #.####### ..
..........#########.#......
..
..................g...####
..
##.........................
##.....#.........#.######.
#...........#.....#


You could see a gnoll.

Vanquished Creatures
  2 gnolls (D:2)
  2 worms (D:2)
  2 dart slugs (D:2)
  3 endoplasms
  A giant cockroach (D:1)
  4 goblins
  3 hobgoblins
  3 kobolds
  4 quokkas (D:1)
  10 ball pythons
  6 bats
  A frilled lizard (D:1)
41 creatures vanquished.

Notes
Turn   | Place    | Note
-------+----------+-------------------------------------------
     0 | D:1      | avis the Vine Stalker Brigand began the quest for the Orb.
     0 | D:1      | Reached XP level 1. HP: 11/11 MP: 2/2
   162 | D:1      | Reached skill level 5 in Stealth
   179 | D:1      | Reached XP level 2. HP: 3/15 MP: 1/3
   313 | D:1      | Reached skill level 1 in Dodging
   358 | D:1      | Reached skill level 1 in Spellcasting
   445 | D:1      | Reached XP level 3. HP: 18/18 MP: 5/5
  1074 | D:2      | Gained mutation: Your natural rate of healing is unusually
                  | fast. [Vine Stalker growth]
  1074 | D:2      | Reached XP level 4. HP: 4/23 MP: 3/7
  1322 | D:2      | Slain by a gnoll

Illustrated notes

Levels and vault maps discovered:
D:1:      dpeg_arrival_solitude, layout_basic
D:2:      layout_rooms

Skill      XL: |  1  2 |
---------------+-------+-----
Stealth        | 5 |  5.0
Short Blades   | 2 |  2.5
Dodging        | 1 |  1.4
Fighting       | 2 |  2.0
Throwing       | 2 |  2.0
Spellcasting   | 1 |  1.9
Shields        | |  0.4

Action                     |  1- 3 |  4- 6 || total
---------------------------+-------+-------++-------
  Melee: Dagger            |   103 |    15 ||   118
         Bite              |    24 |     5 ||    29
   Stab: Sleeping          |    10 |       ||    10
 Armour: Robe              |    21 |     1 ||    22
  Dodge: Dodged            |    39 |    12 ||    51
